 Dungeon Crawl Stone Soup version 0.28-a0-1087-gf3fc490d9d (webtiles) character file.

Game seed: 1663965871731113637

12830 blank1 the Basher (level 11, -2/105 HPs)
             Began as a Minotaur Fighter on Dec 11, 2021.
             Was a High Priest of Okawaru.
             Slain by a catoblepas (25 damage)
             ... on level 2 of the Lair of Beasts.
             The game lasted 00:22:08 (10661 turns).

blank1 the Basher (Minotaur Fighter)               Turns: 10661, Time: 00:22:09

Health: -2/105     AC: 14    Str: 29    XL:     11   Next: 67%
Magic:  13/13      EV: 12    Int:  5    God:    Okawaru [*****.]
Gold:   613        SH:  6    Dex: 18    Spells: 10/10 levels left

rFire   . . .      SeeInvis .   H - +1 morningstar (vamp)
rCold   . . .      Faith    .   c - +0 buckler
rNeg    . . .      Spirit   .   t - +0 plate armour
rPois   .          Reflect  .   (helmet restricted)
rElec   .          Harm     .   (no cloak)
rCorr   .          Rampage  .   (no gloves)
Will    .....                   (no boots)
Stlth   ..........              q - amulet of magic regeneration
HPRegen 0.27/turn               j - +6 ring of dexterity
MPRegen 0.53/turn               l - +6 ring of strength

@: no status effects
A: horns 2, retaliatory headbutt
a: Renounce Religion, Heroism, Finesse, Duel


You were on level 2 of the Lair of Beasts.
You worshipped Okawaru.
Okawaru was extremely pleased with you.
You visited 3 branches of the dungeon, and saw 13 of its levels.

You collected 613 gold pieces.

Inventory:

Hand Weapons
 G - a +3 flail
 H - a +1 vampiric morningstar (weapon)
Missiles
 i - a throwing net (quivered)
Armour
 c - a +0 buckler (worn)
 t - a +0 plate armour (worn)
Jewellery
 j - a +6 ring of dexterity (left hand)
 l - a +6 ring of strength (right hand)
 q - an amulet of magic regeneration (around neck)
 w - a ring of protection from fire
 y - a ring of see invisible
Wands
 a - a wand of flame (7)
 u - a wand of acid (15)
 C - a wand of iceblast (13)
Scrolls
 b - 3 scrolls of magic mapping
 d - 3 scrolls of fear {unknown}
 k - 2 scrolls of immolation {unknown}
 m - 2 scrolls of blinking
 o - 2 scrolls of brand weapon {unknown}
 r - a scroll of summoning {unknown}
 v - 2 scrolls of teleportation {unknown}
 z - a scroll of noise {unknown}
 B - 3 scrolls of enchant weapon {unknown}
 D - a scroll of torment {unknown}
 E - a scroll of silence
 F - a scroll of enchant armour {unknown}
 I - a scroll of identify
Potions
 e - 4 potions of flight
 f - 4 potions of mutation
 g - 5 potions of curing
 h - 2 potions of attraction
 n - 5 potions of haste
 p - 2 potions of resistance
 s - 3 potions of magic
 x - 2 potions of ambrosia
 A - a potion of berserk rage


   Skills:
 + Level 12.5 Fighting
 + Level 12.5 Maces & Flails
 - Level 10.0 Armour
 - Level 8.0 Dodging
 - Level 5.0 Shields
 - Level 2.1 Conjurations
 - Level 4.0 Invocations


You had 10 spell levels left.
You didn't know any spells.
Your spell library contained the following spells:

 Spells                   Type           Power      Damage    Failure   Level
 Magic Dart               Conj           8%         1d3       86%         1
 Shock                    Conj/Air       4%         1d3       95%         1
 Blink                    Tloc           0%         N/A       99%         2
 Ensorcelled Hibernation  Hex/Ice        0%         N/A       99%         2
 Lesser Beckoning         Tloc           0%         N/A       100%        3
 Mephitic Cloud           Conj/Pois/Air  0%         N/A       100%        3
 Swiftness                Air            0%         N/A       100%        3
 Airstrike                Air            0%         N/A       100%        4
 Manifold Assault         Tloc           0%         N/A       100%        5
 Call Imp                 Summ           Unusable   N/A       N/A         2
 Tukima's Dance           Hex            Unusable   N/A       N/A         3

Dungeon Overview and Level Annotations

Branches:
Dungeon (10/15)            Temple (1/1) D:4            Lair (2/6) D:9
  Swamp: Lair:2-4    Shoals: Lair:2-4     Snake: Lair:2-4    Spider: Lair:2-4
    Orc: D:9-12

Altars:
Ashenzari
Cheibriados
Dithmenos
Elyvilon
Fedhas
Gozag
Hepliaklqana
Kikubaaqudgha
Makhleb
Nemelex Xobeh
Okawaru
Qazlal
Ru
Sif Muna
Trog
Uskayaw
Vehumet
Wu Jian
Xom
Yredelemnul
Zin
The Shining One


Innate Abilities, Weirdness & Mutations

You have a pair of horns on your head.
You reflexively headbutt those who attack you in melee.


Message History

You feel sick. The black mamba misses you.
The black mamba bites you but does no damage.
You thump the black mamba!
You kill the black mamba!
Okawaru accepts your kill.
You feel sick. The catoblepas gores you!!
You hit the catoblepas but do no damage.
You headbutt the catoblepas!
The catoblepas is lightly wounded.
You feel sick. The catoblepas closely misses you. You furiously retaliate!
You headbutt the catoblepas, but do no damage.
You hit the catoblepas but do no damage.
You headbutt the catoblepas.
The catoblepas is moderately wounded.
You feel sick. The catoblepas gores you!!
You hit the catoblepas but do no damage.
You headbutt the catoblepas, but do no damage.
The catoblepas is moderately wounded.
You feel sick. The catoblepas gores you!!
* * * LOW HITPOINT WARNING * * *
You puncture the catoblepas!
You feel better.
You headbutt the catoblepas, but do no damage.
The catoblepas is moderately wounded.
You feel sick. The catoblepas gores you!
* * * LOW HITPOINT WARNING * * *
You puncture the catoblepas! You headbutt the catoblepas!
The catoblepas is heavily wounded.
You feel sick. You block the catoblepas's attack.
You hit the catoblepas.
You feel better.
The catoblepas is severely wounded.
You feel sick.
The catoblepas gores you but does no damage.
You puncture the catoblepas!
You feel better.
You headbutt the catoblepas.
The catoblepas is almost dead.
You feel sick.
You are no longer poisoned.
You hit the catoblepas. You headbutt the catoblepas.
The catoblepas is almost dead.
The catoblepas gores you!!
You die...

######...#
..?.......###
............
...........
........#
.......#
#.#Y†.#
#.####..@.##
.......<...#
...<.P....##
.....#.....#
......#...##
......+...#
##...##....
###+ #...##
....#


You could see a catoblepas.

Vanquished Creatures
  A two-headed ogre (D:6)
  The ghost of demibob the Cruncher, a novice DsGl of Vehumet (D:7)
  An ugly thing (D:9)
  A cyclops (D:10)
  A black mamba (Lair:2)
  A centaur zombie (D:10)
  3 cane toads (Lair:1)
  2 rime drakes (Lair:1)
  3 komodo dragons
  2 trolls
  Sigmund (D:3)
  13 yaks
  A vampire (D:7)
  A basilisk (Lair:1)
  2 acid dragons (D:9)
  8 water moccasins
  A black bear (D:9)
  3 ice beasts
  An orc warrior (D:7)
  A necrophage (D:5)
  4 ogres
  3 centaurs
  4 wolves (Lair:1)
  A phantom (D:6)
  A kobold brigand (D:9)
  Blork the orc (D:4)
  13 bullfrogs
  2 gnoll sergeants (D:8)
  A wyvern zombie (D:6)
  5 scorpions
  3 killer bees (D:9)
  4 wights
  8 howler monkeys
  3 jellies
  A centaur skeleton (D:5)
  3 orc priests
  2 gnoll shamans
  3 hounds
  A bullfrog skeleton (D:6)
  6 orc wizards
  A killer bee zombie (D:7)
  2 howler monkey zombies
  19 gnolls
  5 adders
  A shadow imp (D:5)
  A white imp (D:6)
  2 ufetubi
  An adder skeleton (D:4)
  22 orcs
  7 ball pythons
  11 endoplasms
  2 giant cockroaches
  5 goblins
  7 hobgoblins
  6 jackals
  7 kobolds
  6 quokkas
  5 bats
  4 frilled lizards
  6 rats
237 creatures vanquished.

Vanquished Creatures (others)
  33 fungi
  28 plants (D:9)
61 creatures vanquished.

Grand Total: 298 creatures vanquished

Notes
Turn   | Place    | Note
-------+----------+-------------------------------------------
     0 | D:1      | blank1 the Minotaur Fighter began the quest for the Orb.
     0 | D:1      | Reached XP level 1. HP: 19/19 MP: 0/0
    70 | D:1      | Reached XP level 2. HP: 27/27 MP: 1/1
   305 | D:1      | Reached skill level 1 in Dodging
   361 | D:1      | Reached XP level 3. HP: 33/33 MP: 2/2
  1133 | D:2      | Found a faded altar of an unknown god.
  1217 | D:2      | Reached XP level 4. HP: 37/40 MP: 3/3
  1713 | D:3      | Noticed Sigmund
  1728 | D:3      | Killed Sigmund
  1729 | D:3      | Reached skill level 5 in Maces & Flails
  1729 | D:3      | Reached XP level 5. HP: 28/46 MP: 4/4
  2185 | D:4      | You fall into a shaft and drop 1 floor!
  2185 | D:5      | Entered Level 5 of the Dungeon
  2353 | D:4      | Reached XP level 6. HP: 51/52 MP: 5/5
  2392 | D:4      | Noticed Blork the orc
  2402 | D:4      | Killed Blork the orc
  3027 | D:4      | Reached skill level 5 in Fighting
  3170 | D:4      | Found a staircase to the Ecumenical Temple.
  3259 | Temple   | Entered the Ecumenical Temple
  3714 | D:5      | Reached skill level 5 in Armour
  3714 | D:5      | Reached XP level 7. HP: 61/61 MP: 6/6
  3863 | D:5      | Reached skill level 1 in Invocations
  4282 | D:5      | Found a glowing golden altar of the Shining One.
  4283 | D:5      | Found an iron altar of Okawaru.
  4334 | D:5      | Became a worshipper of Warmaster Okawaru
  4673 | D:6      | Reached XP level 8. HP: 66/71 MP: 9/9
  4942 | D:6      | Noticed a komodo dragon
  4952 | D:6      | Killed a komodo dragon
  4952 | D:6      | Reached * piety under Okawaru
  5015 | D:6      | Noticed a two-headed ogre
  5332 | D:6      | Killed a two-headed ogre
  5333 | D:6      | Reached XP level 9. HP: 54/82 MP: 10/10
  5738 | D:7      | Noticed a troll
  5740 | D:7      | Found a runed translucent gate.
  5740 | D:7      | Noticed demibob's ghost (novice DsGl)
  5741 | D:7      | Found a runed translucent gate.
  5742 | D:7      | Found a runed translucent gate.
  5771 | D:7      | Reached ** piety under Okawaru
  6174 | D:7      | Reached skill level 10 in Fighting
  6174 | D:7      | Reached skill level 10 in Maces & Flails
  7060 | D:8      | Reached *** piety under Okawaru
  7061 | D:8      | Reached skill level 5 in Dodging
  7068 | D:8      | Reached XP level 10. HP: 51/93 MP: 11/11
  7452 | D:8      | Identified the +5 quarterstaff "Grim Tooth" {vorpal, Drain
                  | Str+7 Dex-2 SInv}
  8058 | D:9      | Reached **** piety under Okawaru
  8324 | D:9      | Found a staircase to the Lair.
  8435 | D:9      | Reached skill level 10 in Armour
  9170 | D:10     | Entered Level 10 of the Dungeon
  9206 | D:10     | Reached skill level 5 in Shields
  9242 | D:10     | Noticed a cyclops
  9253 | D:10     | Killed a cyclops
  9254 | D:10     | Reached XP level 11. HP: 62/104 MP: 13/13
  9552 | D:7      | Killed demibob's ghost
  9630 | D:9      | Noticed a brown ugly thing
  9638 | D:9      | Killed a brown ugly thing
  9646 | Lair:1   | Entered Level 1 of the Lair of Beasts
  9723 | Lair:1   | Reached ***** piety under Okawaru
 10644 | Lair:2   | Noticed a catoblepas
 10661 | Lair:2   | Slain by a catoblepas

Illustrated notes

Levels and vault maps discovered:
D:1:      minmay_arrival_four_circles, layout_loops_ring
D:2:      minmay_door_path, layout_basic, basic_ecumenical_altar
D:3:      layout_basic, uniq_sigmund
D:4:      layout_cave_pools, lemuel_temple_firewalk_a, uniq_blork_the_orc
D:5:      layout_loops_ring, mainiacjoe_overflow_divided_tiny, minivault_25
D:6:      layout_basic, minmay_three_doors
D:7:      layout_basic, gammafunk_ghost_split, nicolae_water_bricks,
          hangedman_decor_lopped, minmay_diced_spiral
D:8:      layout_loops_cross
D:9:      layout_grid_maze, due_lair_maze_entry_diamond
D:10:     layout_rooms, nicolae_trove_entry_path_of_doom, gammafunk_ghost_ooze,
          chequers_serial_rivers_micro_b, nicolae_fountain_basement,
          uniq_maurice
Temple:   mainiacjoe_temple_big_plus
Lair:1:   layout_roguey, lemuel_another_geyser, lemuel_fruit_tree,
          grunt_megastairs_2
Lair:2:   layout_regular_city

Skill      XL: |  1  2  3  4  5  6  7  8  9 10 11 |
---------------+----------------------------------+-----
Fighting       | 4 5 6 8 10 12 | 12.5
Dodging        | 1 2 3 5 8 |  8.0
Shields        | 4 5 |  5.0
Armour         | 4 5 7 8 10 | 10.0
Maces & Flails | 3 5 6 8 10 11 12 | 12.5
Conjurations   | 2 |  2.1
Invocations    | 3 4 |  4.0

Action                   |  1- 3 |  4- 6 |  7- 9 | 10-12 || total
-------------------------+-------+-------+-------+-------++-------
Melee: Flail             |    84 |    86 |   168 |   187 ||   525
       Headbutt          |    11 |    17 |    60 |   103 ||   191
       Morningstar       |       |       |       |   126 ||   126
Invok: Heroism           |       |       |     1 |     1 ||     2
       Finesse           |       |       |       |     1 ||     1
  Use: Scroll            |       |     5 |     7 |     1 ||    13
       Potion            |       |     1 |       |       ||     1
Armor: Chain mail        |    44 |    27 |       |       ||    71
       Plate armour      |       |     7 |    71 |   152 ||   230
Dodge: Dodged            |    22 |    38 |    60 |   142 ||   262
Block: Buckler           |    13 |    17 |    27 |    74 ||   131

Table legend: (Time is in decaauts)
 A = Elapsed time spent in this place.
 B = Non-inter-level travel time spent in this place.
 C = Inter-level travel time spent in this place.
 D = Time resting spent in this place.
 E = Time spent auto-exploring this place.
 F = Levels seen in this place.
 G = Mean time per level.
                   A        B        C        D        E       F      G
               +--------+--------+--------+--------+--------+-----+--------+
         Total |  10655 |  10165 |    490 |    894 |   7268 |  13 |  819.6 |
       Dungeon |   9233 |   8798 |    435 |    894 |   6047 |  10 |  923.3 |
        Temple |    416 |    391 |     25 |      0 |    386 |   1 |  416.0 |
          Lair |   1006 |    976 |     30 |      0 |    835 |   2 |  503.0 |
               +--------+--------+--------+--------+--------+-----+--------+

Top non-repeatable levels by time:
     D:8: 1476 daAuts
     D:9: 1254 daAuts
     D:6: 1099 daAuts
     D:5: 1070 daAuts
     D:7: 1056 daAuts
  Lair:1: 990 daAuts
     D:4: 838 daAuts
     D:1: 821 daAuts
     D:3: 801 daAuts
     D:2: 727 daAuts
  Temple: 416 daAuts
    D:10: 87 daAuts
  Lair:2: 15 daAuts
